[Event "SWVG Arnold Classic Prestige All 2019"]
[Site "Sandton"]
[Date "2019.05.18"]
[Round "7.4"]
[White "Mnguni, Jacob Dumisani"]
[Black "Bhawoodien, Shabir Hussain"]
[Result "1-0"]
[ECO "A36"]
[WhiteElo "2141"]
[BlackElo "2020"]
[Annotator "ChessBase"]
[PlyCount "75"]
[EventDate "2019.05.18"]
[EventType "swiss"]
[EventCountry "RSA"]
[SourceTitle "playchess.com"]
[Source "ChessBase"]
[SourceQuality "1"]
[TimeControl "1500+10"]

1. c4 c5 2. g3 g6 3. Bg2 Bg7 4. Nc3 Nc6 5. e3 e5 6. Nge2 Nge7 7. O-O a6 8. d3 O-O 9. f4 d6 10. h3 Rb8 11. a4 Be6 12. e4 Qd7 13. Kh2 f5 14. fxe5 dxe5 15. Nd5 Nd4 16. Nxd4 cxd4 17. b4 b5 18. Nxe7+ Qxe7 19. axb5 axb5 20. c5 Qd7 21. h4 f4 22. Qe1 Rf7 23. Ra6 Rbf8 24. Rd6 Qc8 25. gxf4 exf4 26. Bf3 Be5 27. Rd5 Qc7 28. Rg1 Ra8 29. Bb2 Rd7 30. Rg5 Bf6 31. Rxd7 Bxd7 32. e5 Re8 33. Bd5+ Kf8 34. Bxd4 Bxg5 35. hxg5 Qd8 36. Qh4 Bf5 37. Qh6+ Ke7 38. Qg7# {[%emt 0:00:02] Bc8 [%clk 0:00:00]} 1-0

[Event "SWVG Arnold Classic Prestige All 2019"]
[Site "Sandton"]
[Date "2019.05.18"]
[Round "7.5"]
[White "Erlank, Warrick"]
[Black "Khumalo, Keith"]
[Result "1-0"]
[ECO "B90"]
[WhiteElo "1967"]
[BlackElo "2086"]
[Annotator "NA"]
[PlyCount "79"]
[EventDate "2019.05.18"]
[EventType "swiss"]
[EventCountry "RSA"]
[SourceTitle "playchess.com"]
[Source "ChessBase"]
[SourceQuality "1"]
[TimeControl "1500+10"]

1. e4 c5 2. Nf3 d6 3. d4 cxd4 4. Nxd4 Nf6 5. Nc3 a6 6. Be3 e5 7. Nb3 Be6 8. f3 Nbd7 9. g4 b5 10. g5 Nh5 11. Qd2 Be7 12. O-O-O {[%emt 0:00:13] B90: Sicilian Najdorf: Unusual White 6th moves, 6 Be3 Ng4 and 6 Be3 e5} Nb6 (12... O-O 13. Nd5 Bxd5 14. exd5 f5 15. Rg1 f4 16. Bf2 Bxg5 17. Bh3 Bh6 18. Na5 Kh8 19. Nc6 Qc7 20. Qb4 Ng3 21. Kb1 {½-½ (68) Inarkiev,E (2690)-Sarana,A (2613) Satka 2018}) 13. Bxb6 Qxb6 14. Nd5 Bxd5 15. exd5 a5 $146 ({Predecessor:} 15... Nf4 16. h4 O-O 17. Kb1 a5 18. Nc1 b4 19. Ne2 Nh5 20. f4 {0-1 (73) Vikas,S (1346)-Balkishan,A (2026) Bengaluru 2018}) 16. Kb1 O-O 17. Nc1 f5 18. Bd3 Nf4 19. h4 Qc5 20. Ne2 Nxd5 21. Bxb5 Ne3 22. Rc1 a4 23. c4 Bd8 24. f4 Ba5 25. Qd3 {[%emt 0:00:02] [#]} Rfb8 ({Black should try} 25... a3 $1 $17 26. b3 (26. bxa3 e4) 26... Rab8) 26. Rh3 Bb6 27. Rc3 exf4 28. Nxf4 Ng4 29. Qd5+ Qxd5 30. Nxd5 Kf7 31. h5 Bc5 32. Rcf3 $18 g6 33. hxg6+ hxg6 34. Rh7+ Kg8 35. Rfh3 Bd4 36. Ne7+ Kf8 37. Nxg6+ Kg8 38. Ne7+ {[%emt 0:00:40] Double Attack} Kf8 39. Nxf5 Be5 40. g6 1-0

[Event "SWVG Arnold Classic Prestige All 2019"]
[Site "Sandton"]
[Date "2019.05.18"]
[Round "7.8"]
[White "Masiya, Mfundo"]
[Black "Bucceri, Draven"]
[Result "1-0"]
[ECO "C05"]
[WhiteElo "1977"]
[BlackElo "1633"]
[Annotator "NA"]
[PlyCount "36"]
[EventDate "2019.05.18"]
[EventType "swiss"]
[EventCountry "RSA"]
[SourceTitle "playchess.com"]
[Source "ChessBase"]
[SourceQuality "1"]
[TimeControl "1500+10"]

1. e4 e6 2. d4 d5 3. Nd2 Nf6 4. e5 Nfd7 5. f4 c5 6. c3 Nc6 7. Ndf3 cxd4 8. cxd4 b5 9. Bd3 Qb6 10. Ne2 a5 11. O-O Ba6 12. Kh1 Rc8 13. f5 Nb4 14. Bb1 Qc7 15. fxe6 fxe6 16. Ng5 Qc6 17. Nf4 Be7 18. g3 g6 1-0

[Event "SWVG Arnold Classic Prestige All 2019"]
[Site "Sandton"]
[Date "2019.05.18"]
[Round "7.10"]
[White "Klevansky, Aron"]
[Black "Sithole, Collins"]
[Result "0-1"]
[ECO "B08"]
[WhiteElo "1878"]
[BlackElo "1861"]
[Annotator "NA"]
[PlyCount "68"]
[EventDate "2019.05.18"]
[EventType "swiss"]
[EventCountry "RSA"]
[SourceTitle "playchess.com"]
[Source "ChessBase"]
[SourceQuality "1"]
[TimeControl "1500+10"]

1. e4 d6 2. d4 Nf6 3. Nc3 g6 4. Nf3 Bg7 5. Be3 O-O 6. Qd2 Re8 7. O-O-O c6 8. Bh6 Bh8 9. h4 Bg4 10. Re1 Qa5 11. Nh2 Be6 12. a3 b5 13. d5 cxd5 14. exd5 Nxd5 15. Nxd5 Qxd2+ 16. Kxd2 Bxd5 17. Bxb5 Bc6 18. Bxc6 Nxc6 19. c3 Rab8 20. Kc2 Rec8 21. Nf3 Rb7 22. Re3 a5 23. Re4 d5 24. Re2 d4 25. Rd1 e5 26. g4 a4 27. Rd3 f5 28. gxf5 gxf5 29. Rd1 d3+ 30. Rxd3 e4 31. Rd6 exf3 32. Rxc6 Rxc6 33. Re8+ Kf7 34. Rf8+ Kg6 0-1

[Event "SWVG Arnold Classic Prestige All 2019"]
[Site "Sandton"]
[Date "2019.05.18"]
[Round "7.11"]
[White "Van Der Walt, Pierre E."]
[Black "Simpson, Michael M"]
[Result "1-0"]
[ECO "B23"]
[WhiteElo "1993"]
[BlackElo "1995"]
[Annotator "NA"]
[PlyCount "44"]
[EventDate "2019.05.18"]
[EventType "swiss"]
[EventCountry "RSA"]
[SourceTitle "playchess.com"]
[Source "ChessBase"]
[SourceQuality "1"]
[TimeControl "1500+10"]

1. e4 c5 2. Nc3 a6 3. f4 b5 4. Nf3 Bb7 5. d3 e6 6. Be2 Ne7 7. O-O d5 8. exd5 Nxd5 9. Ne5 g6 10. Bf3 Nxc3 11. bxc3 Qc7 12. Qe2 Nd7 13. Re1 Bg7 14. Nxf7 Kxf7 15. Qxe6+ Kf8 16. Qe7+ Kg8 17. Bg4 Bd5 18. Bxd7 Ra7 19. Qe8+ Bf8 20. Be6+ Bxe6 21. Qxe6+ Kg7 22. c4 Ra8 1-0

[Event "SWVG Arnold Classic Prestige All 2019"]
[Site "Sandton"]
[Date "2019.05.19"]
[Round "8.4"]
[White "Zwakala, Ntando"]
[Black "Erlank, Warrick"]
[Result "0-1"]
[ECO "D44"]
[WhiteElo "2088"]
[BlackElo "1967"]
[Annotator "NA RC"]
[PlyCount "78"]
[EventDate "2019.05.18"]
[EventType "swiss"]
[EventCountry "RSA"]
[SourceTitle "playchess.com"]
[Source "ChessBase"]
[SourceQuality "1"]
[TimeControl "1500+10"]

1. Nf3 Nf6 2. c4 e6 3. d4 d5 4. Nc3 c6 5. Bg5 dxc4 6. e4 b5 7. e5 h6 8. Bh4 g5 9. Nxg5 hxg5 10. Bxg5 Nbd7 11. exf6 Bb7 12. Be2 Bh6 {[%emt 0:05:05] D44: Semi-Slav: Botvinnik System} (12... Qb6 13. Bf3 O-O-O 14. Qe2 Qxd4 15. Rd1 Qe5 16. h4 Bd6 17. Ne4 Bc7 18. g3 c5 19. Bf4 Qf5 20. Nd6+ {½-½ (20) Batrakov,A (2517)-Efremov,A (2564) ICCF email 2015}) 13. Bxh6 $1 Rxh6 14. Qd2 Rh8 15. Bf3 Qc7 16. a4 $146 ({Predecessor:} 16. h4 O-O-O 17. Ne4 Ne5 18. Be2 Nd3+ 19. Bxd3 Rxd4 20. Nc5 {½-½ (48) Makarov,A (1787)-Ashomkin,M (1985) Irkutsk 2011}) 16... a6 17. h3 O-O-O 18. O-O Rdg8 (18... b4 $15 19. Ne2 Ne5) 19. Kh1 Nxf6 20. Qe3 b4 21. Na2 $2 (21. Ne2 $17) 21... c5 22. dxc5 $2 (22. Bxb7+ Qxb7 23. f3) 22... Ng4 23. Bxb7+ Qxb7 24. Qg3 Nxf2+ 25. Qxf2 Rxh3+ 26. Kg1 Rhg3 27. c6 Qxc6 28. Qxg3 Rxg3 29. Rf2 Qxa4 30. Rff1 Qc6 31. Rf2 a5 32. Rc1 Rg4 33. Rd1 {[%emt 0:00:15] [#]} Qa4 $1 34. b3 Qxb3 35. Re1 c3 36. Nc1 Qd5 37. Ne2 c2 38. Nc3 bxc3 39. Rxc2 Qd4+ 0-1

[Event "SWVG Arnold Classic Prestige All 2019"]
[Site "Sandton"]
[Date "2019.05.19"]
[Round "8.5"]
[White "Oatlhotse, Providence"]
[Black "Smit, Devon"]
[Result "1-0"]
[ECO "E97"]
[WhiteElo "2289"]
[BlackElo "1743"]
[Annotator "NA RC"]
[PlyCount "71"]
[EventDate "2019.05.18"]
[EventType "swiss"]
[EventCountry "RSA"]
[SourceTitle "playchess.com"]
[Source "ChessBase"]
[SourceQuality "1"]
[TimeControl "1500+10"]

1. d4 Nf6 2. c4 g6 3. Nc3 Bg7 4. e4 d6 5. Be2 O-O 6. Nf3 e5 7. O-O Nc6 8. d5 Ne7 9. Rb1 Nd7 {[%emt 0:00:11] E97: King's Indian: Classical Main Line (6...e5 7 0-0 Nc6): 8 Be3 and 8 d5 Ne7, not 9 Ne1} 10. b4 a5 11. a3 f5 (11... Kh8 12. Be3 Ng8 13. c5 axb4 14. axb4 f5 15. Ng5 Nxc5 16. bxc5 f4 17. Bd2 Qxg5 {1-0 (41) Nikolaidis,I (2493)-Jankovic,A (2567) Leros 2010}) 12. Ng5 Nf6 $1 13. f3 $146 ({Predecessor:} 13. f4 h6 14. fxe5 dxe5 15. Nf3 Nxe4 16. Nxe4 fxe4 17. Nd2 {0-1 (36) Petrovskis,O (1862)-Stremavicius,T (2002) Palanga 2011}) 13... f4 14. c5 h6 15. Ne6 Bxe6 $1 16. dxe6 d5 17. exd5 Nexd5 18. Nxd5 Qxd5 (18... Nxd5 $14 19. Qb3 c6) 19. Qc2 ({White should try} 19. Qxd5 Nxd5 20. Bc4) 19... Qxe6 20. Qxg6 Qf7 (20... Kh8 $142) 21. Qxf7+ Kxf7 22. Bc4+ Ke7 23. Re1 Nd7 24. bxa5 Rxa5 25. Bd2 Ra7 26. Bb4 c6 27. Rbd1 Rd8 {[%emt 0:00:59] [#]} 28. Rd4 $1 Nf8 $18 (28... Rf8 $16 {was worth a try.} 29. Rd6 Rf6) 29. Rxf4 $1 Ne6 30. Rg4 Bf6 31. f4 Nd4 $2 (31... Rd4 $16 32. fxe5 Bh4 33. Rxd4 Nxd4) 32. fxe5 Bg5 33. h4 Nc2 34. hxg5 Nxe1 35. gxh6 Nc2 36. Rg7+ 1-0

[Event "SWVG Arnold Classic Prestige All 2019"]
[Site "Sandton"]
[Date "2019.05.19"]
[Round "8.7"]
[White "Mthunzi, Brighton"]
[Black "Masiya, Mfundo"]
[Result "1/2-1/2"]
[ECO "D03"]
[WhiteElo "2006"]
[BlackElo "1977"]
[Annotator "NA RC"]
[PlyCount "87"]
[EventDate "2019.05.18"]
[EventType "swiss"]
[EventCountry "RSA"]
[SourceTitle "playchess.com"]
[Source "ChessBase"]
[SourceQuality "1"]
[TimeControl "1500+10"]

1. d4 Nf6 2. Nf3 g6 3. Bg5 Bg7 4. Nbd2 d5 5. e3 O-O 6. Bd3 c5 7. c3 Nc6 8. O-O b6 9. Re1 {[%emt 0:01:30] D03: 1 d4 d5 2 Nf3 Nf6 3 Bg5, including Torre Attack with early ...d5} Bb7 (9... h6 10. Bxf6 Bxf6 11. e4 e6 12. e5 Be7 13. a3 a5 14. Qe2 Kg7 15. Nf1 a4 16. Ne3 Bd7 {½-½ (36) Bareev,E (2650)-Gledura,B (2615) Wijk aan Zee 2019}) 10. h3 Re8 11. Bb5 $146 ({Predecessor:} 11. a4 Rc8 12. Qb1 Nd7 {½-½ (12) Luebeck,S (2005)-Schulz,W (2049) Buesum 2016}) 11... a6 12. Bxc6 Bxc6 13. Ne5 Bb7 14. Qf3 Rf8 15. Bf4 Nd7 16. Qg4 Nxe5 17. dxe5 Qc8 18. Qh4 Re8 19. Nf3 f6 20. Bh6 Qf5 21. Bxg7 Kxg7 22. Qg3 Rac8 23. Rad1 Red8 24. Rd2 Rd7 25. Red1 Rcd8 26. Kh2 b5 27. b4 d4 28. exd4 Bxf3 29. exf6+ exf6 30. Qxf3 Qxf3 31. gxf3 cxb4 32. cxb4 Rd5 33. Kg3 f5 34. f4 Rc8 35. Rd3 Kf6 36. a3 h6 37. Re1 Rc4 38. Rde3 Rc6 39. Rd3 Rcd6 40. Red1 Rc6 41. Kf3 g5 42. Re1 Rcd6 43. Rc1 $11 gxf4 44. Rcd1 {[%emt 0:00:02] Ke5 [%clk 0:00:00] Ke4+} 1/2-1/2

[Event "SWVG Arnold Classic Prestige All 2019"]
[Site "Sandton"]
[Date "2019.05.19"]
[Round "8.8"]
[White "Bhawoodien, Shabir Hussain"]
[Black "Khumalo, Keith"]
[Result "0-1"]
[ECO "C11"]
[WhiteElo "2020"]
[BlackElo "2086"]
[Annotator "NA RC"]
[PlyCount "86"]
[EventDate "2019.05.18"]
[EventType "swiss"]
[EventCountry "RSA"]
[SourceTitle "playchess.com"]
[Source "ChessBase"]
[SourceQuality "1"]
[TimeControl "1500+10"]

1. e4 e6 2. Nf3 d5 3. Nc3 Nf6 4. e5 Nfd7 5. d4 c5 6. dxc5 Nc6 7. Bf4 Nxc5 8. a3 a6 {[%emt 0:00:31] C11: French: Classical System: 4 e5 and 4 Bg5 dxe4} 9. b4 Nd7 10. Bd3 Be7 (10... f6 11. exf6 Qxf6 12. Qd2 Nxb4 13. O-O Nxd3 14. cxd3 Bc5 15. d4 Ba7 16. Bd6 {1-0 (34) Gao,R (2543)-Yu,S (2479) Beijing 2017}) 11. O-O O-O 12. Re1 $146 ({Predecessor:} 12. Nd2 Ndxe5 13. Bxh7+ Kxh7 14. Qh5+ Kg8 15. Bxe5 Nxe5 16. Qxe5 {0-1 (35) Gevorgyan,N-Voronaya,E Riga 2018}) 12... f6 13. Qd2 (13. exf6 $17 {might work better.} Bxf6 14. Bd2) 13... fxe5 14. Nxe5 Ndxe5 15. Bxe5 Nxe5 16. Rxe5 Bf6 17. Rh5 g6 18. Rh3 e5 19. Rg3 e4 20. Bf1 Bh4 21. Nxd5 Bxg3 22. hxg3 Be6 23. c4 Bxd5 24. cxd5 Qb6 25. d6 Rf6 26. Bc4+ Kg7 27. d7 (27. Rd1 $11) 27... Raf8 28. Rf1 $2 (28. Rd1 $11 {and White stays safe.} Rxf2 29. Qc3+ Kh6 30. Kh2 (30. d8=Q {leads to mate.} Rf1+ 31. Kh2 Qg1+ 32. Kh3 Qh1+ 33. Kg4 Qh5#)) 28... Qd6 29. Qe2 Qxd7 30. Qxe4 Re8 31. Qh4 $2 (31. Qc2 $17) 31... Qd2 32. g4 $2 (32. b5) 32... h6 33. Qg3 Rf4 34. Bb3 Ree4 35. Rd1 Re1+ 36. Kh2 (36. Rxe1 $142 Qxe1+ 37. Kh2 Qxf2 38. Qc3+ Qd4 39. Qc7+ Kf6 40. Qxb7) 36... Rxd1 37. Bxd1 g5 38. Qb3 Rxf2 39. Bf3 Rf1 40. Qe6 Qf4+ $19 41. g3 Qxf3 42. Qd7+ Qf7 43. Qd4+ Rf6 0-1

[Event "SWVG Arnold Classic Prestige All 2019"]
[Site "Sandton"]
[Date "2019.05.19"]
[Round "8.9"]
[White "Molepo, Maropeng Quintallio"]
[Black "Sithole, Collins"]
[Result "0-1"]
[ECO "B81"]
[WhiteElo "1723"]
[BlackElo "1861"]
[Annotator "NA RC"]
[PlyCount "122"]
[EventDate "2019.05.18"]
[EventType "swiss"]
[EventCountry "RSA"]
[SourceTitle "playchess.com"]
[Source "ChessBase"]
[SourceQuality "1"]
[TimeControl "1500+10"]

1. e4 c5 2. Nf3 e6 3. d4 cxd4 4. Nxd4 Nf6 5. Nc3 d6 6. h3 a6 7. g4 Be7 8. Bg2 Nc6 9. Be3 Qa5 {[%emt 0:01:03] B81: Sicilian Scheveningen: Keres Attack} 10. Nb3 (10. f4 $16) 10... Qc7 11. Qe2 Ne5 $146 ({Predecessor:} 11... b5 12. a3 Bb7 13. O-O Ne5 14. Nd2 Rc8 {0-1 (35) Warakomska,A (2274)-Swiercz,D (2634) Warsaw 2015}) 12. O-O-O Nc4 13. Bg5 Bd7 14. f4 (14. Nd2 $11 {keeps the balance.} Bb5 15. a4 (15. Nxb5 axb5 16. a3 O-O $11) 15... Nxd2 16. Nxb5 (16. axb5 Nc4 $15) (16. Qxd2 Bc6 $11) 16... axb5 17. Qxb5+ (17. Bxd2 bxa4 18. Bb4 O-O $17) 17... Qd7 18. Qxd7+ Nxd7 19. Bxd2) 14... Rc8 15. Qd3 h6 16. Bh4 b5 17. Bf2 $2 (17. Nd2 $15) 17... b4 18. Ne2 a5 19. Nd2 {[%emt 0:00:54] [#]} Bb5 $1 20. Qb3 (20. Nxc4 $142 Bxc4 21. Qe3) 20... d5 21. a4 Ba6 22. exd5 exd5 23. g5 hxg5 24. fxg5 Nxd2 25. Rxd2 Ne4 26. Bxe4 dxe4 27. Qe3 $2 (27. Rg1 $1 $15) 27... O-O 28. Bg3 Qc6 29. Nd4 Qc5 30. h4 Rfe8 31. Kb1 Bc4 32. Re1 Rcd8 33. b3 Bd5 34. Nf5 Ba8 35. Nxe7+ Qxe7 $16 36. Red1 Rxd2 37. Rxd2 Rc8 38. Rh2 Qc5 39. Qxc5 Rxc5 40. Re2 Rc3 41. Bf2 f5 42. gxf6 gxf6 43. Re3 Rc7 44. Rg3+ Kh7 45. Bb6 Rf7 46. Kc1 f5 47. Kd2 f4 48. Rg5 Rd7+ 49. Ke1 e3 50. Rxa5 Bf3 51. Ra7 Rxa7 52. Bxa7 Kg6 53. Bb8 Kf5 54. Bd6 Be4 55. Bxb4 Bxc2 56. a5 Bxb3 57. h5 Bc4 58. h6 f3 59. Kd1 Kg6 60. Bc5 f2 61. Bxe3 f1=Q+ 0-1

[Event "SWVG Arnold Classic Prestige All 2019"]
[Site "Sandton"]
[Date "2019.05.19"]
[Round "8.10"]
[White "Mpya, Tshediso M"]
[Black "Swartz, David"]
[Result "1-0"]
[ECO "D02"]
[WhiteElo "1936"]
[BlackElo "1756"]
[Annotator "NA RC"]
[PlyCount "122"]
[EventDate "2019.05.18"]
[EventType "swiss"]
[EventCountry "RSA"]
[SourceTitle "playchess.com"]
[Source "ChessBase"]
[SourceQuality "1"]
[TimeControl "1500+10"]

1. d4 d5 2. Bf4 Bf5 3. e3 Nf6 4. Nf3 e6 5. h3 h6 (5... Bd6 6. Bxd6 Qxd6 7. c3 O-O 8. Bd3 Bg6 9. Bxg6 hxg6 10. Nbd2 Nbd7 11. O-O c5 12. Qe2 Rac8 13. Rac1 Nb6 {½-½ (29) Domingo Nunez,A (2339)-Domingo Nunez,R (2308) Port de Pollenca 2018}) 6. Bd3 {[%emt 0:00:04] D02: 1 d4 d5 2 Nf3 sidelines, including 2...Nf6 3 g3 and 2...Nf6 3 Bf4} Bxd3 7. Qxd3 Bd6 8. Ne5 Bxe5 $146 ({Predecessor:} 8... c6 9. Nd2 Bxe5 10. Bxe5 Nbd7 11. Bd6 Nb6 12. Ba3 Qc7 13. c4 dxc4 14. Nxc4 Nxc4 15. Qxc4 {½-½ (56) Wuensch,U (2047)-Riedl,M (2022) Bayerisch Eisenstein 2016}) 9. Bxe5 O-O 10. O-O Nbd7 11. Bh2 c5 12. c3 Re8 13. Nd2 Qe7 14. Nf3 Ne4 15. Ne5 Nxe5 16. Bxe5 c4 17. Qc2 Rac8 18. f3 Nf6 19. e4 Nd7 20. Bh2 Qg5 21. f4 Qe7 22. Rae1 Qf6 23. e5 Qg6 24. Qa4 Rc6 (24... Nb8 $11) 25. Qxa7 Rb8 26. Qa4 Nf8 ({Black should try} 26... Nb6 $14 27. Qa7) 27. f5 Qh5 28. Qc2 b5 29. a3 Rb7 30. Re3 Nh7 31. g4 Qg5 32. Ref3 Qh4 33. Bf4 h5 34. Qg2 Ng5 35. Bxg5 Qxg5 36. f6 g6 37. gxh5 Qxh5 38. Rg3 Rc8 $2 (38... b4 39. cxb4 (39. axb4 Ra6 $18) 39... Qh4) 39. Rg5 Qh6 40. Rf4 b4 41. axb4 Ra8 42. Rfg4 Kh7 (42... Kf8 $142 43. Qg3 Ke8) 43. Qf2 Ra1+ 44. Kh2 Kg8 45. Qg3 Ra2 46. Rxg6+ fxg6 47. Rxg6+ Qxg6 48. Qxg6+ Kf8 49. Qh6+ (49. Qh5 $142 Rba7 50. Qh8+ Kf7 51. Qg7+ Ke8 52. Qg8+ {[%mdl 64] Double Attack} Kd7 53. Qf7+ Kd8 54. Qxe6) 49... Kg8 50. Qg5+ Kf8 51. Qg2 Rh7 52. Qc2 $18 Rb7 53. h4 Raa7 54. Qd1 Ra2 55. Qc1 Rh7 56. Kh3 Raa7 57. Kg4 Kf7 58. Qb1 Rh8 59. h5 Kf8 60. b5 Rg8+ 61. Kh4 Kf7 1-0

[Event "SWVG Arnold Classic Prestige All 2019"]
[Site "Sandton"]
[Date "2019.05.19"]
[Round "8.11"]
[White "Steyn, Hans"]
[Black "Klevansky, Aron"]
[Result "1/2-1/2"]
[ECO "A23"]
[WhiteElo "1863"]
[BlackElo "1878"]
[Annotator "NA RC"]
[PlyCount "51"]
[EventDate "2019.05.18"]
[EventType "swiss"]
[EventCountry "RSA"]
[SourceTitle "playchess.com"]
[Source "ChessBase"]
[SourceQuality "1"]
[TimeControl "1500+10"]

1. c4 e5 2. g3 Nf6 3. Bg2 c6 4. Nf3 e4 5. Nd4 d5 6. cxd5 cxd5 7. Nc3 Bc5 8. Nb3 Bb6 9. O-O O-O 10. d3 Bf5 11. dxe4 (11. Bg5 $16) 11... dxe4 (11... Bxe4 $11 12. Bxe4 (12. Nxe4 Nxe4 13. Nd2 Nf6 $14) 12... dxe4) 12. Bg5 Qxd1 13. Rfxd1 Re8 {[%emt 0:00:45] [#]} (13... Nbd7 $16) 14. Bxf6 $1 gxf6 15. Nd5 (15. Nd2 $18) 15... Bd8 (15... Kg7 $16) 16. Nd4 $18 Bd7 17. e3 Nc6 18. Rac1 Kg7 19. Nb5 Bg4 20. Rd2 Ba5 21. Rdc2 Rad8 22. Nbc3 Bxc3 23. Nxc3 Nb4 24. Bxe4 Nxc2 25. Bxc2 Bf3 26. Nb5 1/2-1/2

[Event "SWVG Arnold Classic Prestige All 2019"]
[Site "Sandton"]
[Date "2019.05.19"]
[Round "9.3"]
[White "Mabusela, Johannes Manyedi"]
[Black "Oatlhotse, Providence"]
[Result "1-0"]
[ECO "E42"]
[WhiteElo "2220"]
[BlackElo "2289"]
[Annotator "RC"]
[PlyCount "101"]
[EventDate "2019.05.18"]
[EventType "swiss"]
[EventCountry "RSA"]
[SourceTitle "playchess.com"]
[Source "ChessBase"]
[SourceQuality "1"]
[TimeControl "1500+10"]

1. d4 Nf6 2. c4 e6 3. Nc3 Bb4 4. e3 c5 5. Nge2 d5 6. a3 Bxc3+ 7. Nxc3 cxd4 8. exd4 dxc4 9. Bxc4 O-O 10. O-O a6 11. d5 b5 12. Ba2 exd5 13. Nxd5 Bb7 14. Nc3 Nbd7 15. Bf4 Rc8 16. Bd6 Re8 17. Qd4 Qb6 18. Rad1 Qc6 19. f3 h6 20. Rfe1 Qb6 21. Qxb6 Nxb6 22. Kf2 Nc4 23. Bxc4 Rxc4 24. Rxe8+ Nxe8 25. Bb4 Nf6 26. Be7 Ne8 27. Rd8 Rc8 28. Rxc8 Bxc8 29. Ke3 f5 30. Kd4 Kf7 31. Nd5 Bb7 32. Bb4 Ke6 33. Nf4+ Kf6 34. Kc5 g5 35. Bc3+ Kf7 36. Kb6 Bc8 37. Nd5 Ke6 38. Nb4 Nd6 39. Nxa6 Bd7 40. Nc7+ Kf7 41. Kc5 Ke7 42. Bf6+ Kxf6 43. Kxd6 Bc8 44. Nxb5 g4 45. f4 g3 46. hxg3 Kg6 47. Nd4 Kh5 48. Kc7 Ba6 49. Nxf5 Kg4 50. Nxh6+ Kxg3 51. f5 1-0

[Event "SWVG Arnold Classic Prestige All 2019"]
[Site "Sandton"]
[Date "2019.05.19"]
[Round "9.4"]
[White "Sithole, Collins"]
[Black "Mnguni, Jacob Dumisani"]
[Result "0-1"]
[ECO "D45"]
[WhiteElo "1861"]
[BlackElo "2141"]
[Annotator "NA RC"]
[PlyCount "130"]
[EventDate "2019.05.18"]
[EventType "swiss"]
[EventCountry "RSA"]
[SourceTitle "playchess.com"]
[Source "ChessBase"]
[SourceQuality "1"]
[TimeControl "1500+10"]

1. c4 c6 2. d4 d5 3. e3 Nf6 4. Nf3 a6 5. Nc3 e6 6. b3 {[%emt 0:00:56] D45: Semi-Slav: 5 e3} (6. Qc2 dxc4 7. Bxc4 b5 8. Be2 Bb7 9. a3 Nbd7 10. b4 a5 11. Rb1 axb4 12. axb4 Nd5 13. Nxd5 exd5 14. O-O Nf6 15. Ne5 {1-0 (39) So,W (2780)-Vallejo Pons,F (2707) Leon 2018}) 6... Nbd7 7. Bb2 b5 8. cxd5 cxd5 9. Bd3 Bb7 10. O-O Be7 11. Rc1 O-O 12. Bb1 $146 ({Predecessor:} 12. Re1 Ne4 13. Ne5 {0-1 (43) Struben,J (1733)-Broday,G (2054) Montreal 2015}) 12... Rc8 13. Qd3 Ne4 14. Ne2 Qa5 15. Rfd1 Ba3 16. Bxa3 Qxa3 17. Ne1 g6 18. f3 Nd6 19. Qd2 Kg7 20. Nc2 Qb2 21. Nf4 Qc3 22. Qf2 Qa5 23. Ne1 b4 24. Qg3 Qb6 25. Rc2 Rxc2 26. Nxc2 Nf5 27. Qe1 a5 28. g4 Nd6 29. h4 h6 30. Rd2 Rc8 31. Rg2 Rc3 32. Qg3 Qc7 33. Ne2 Rc6 34. Ne1 Nb5 35. Nf4 Nc3 36. Bd3 e5 37. Nh3 e4 38. Qxc7 Rxc7 39. fxe4 dxe4 40. Bc4 Nb6 41. Bf1 Nbd5 42. Rd2 Nxe3 43. g5 hxg5 44. Nxg5 Nf5 45. Bc4 Rd7 46. h5 gxh5 47. Rg2 Kf6 48. Nh7+ Ke7 49. Rg5 Nxd4 $19 50. Re5+ Ne6 51. Rxa5 h4 52. a4 bxa3 53. Rxa3 Bd5 54. Bxd5 Nxd5 55. Ra4 f5 56. Ra6 f4 57. Kf2 h3 58. Kg1 f3 59. Ra2 Kd6 60. Ra6+ Ke5 61. Nf8 Rg7+ 62. Kh2 Nxf8 63. Nxf3+ exf3 64. Kxh3 f2 65. Ra1 Rg1 0-1

[Event "SWVG Arnold Classic Prestige All 2019"]
[Site "Sandton"]
[Date "2019.05.19"]
[Round "9.5"]
[White "Khumalo, Keith"]
[Black "Simutowe, Musatwe"]
[Result "1-0"]
[ECO "E09"]
[WhiteElo "2086"]
[BlackElo "2170"]
[Annotator "NA RC"]
[PlyCount "89"]
[EventDate "2019.05.18"]
[EventType "swiss"]
[EventCountry "RSA"]
[SourceTitle "playchess.com"]
[Source "ChessBase"]
[SourceQuality "1"]
[TimeControl "1500+10"]

1. d4 d5 2. c4 c6 3. Nf3 Nf6 4. Qc2 e6 5. Nbd2 Nbd7 6. g3 Be7 7. Bg2 O-O 8. O-O b6 9. e4 Bb7 10. Rd1 Rc8 11. e5 Ne8 12. b3 Nc7 13. Bb2 c5 14. dxc5 Nxc5 15. Rac1 {[%emt 0:00:00] [#] E09: Closed Catalan: Main Line: 7 Qc2 c6 8 Nbd2} h6 $146 ({Predecessor:} 15... dxc4 16. Nxc4 Nd5 17. Qe2 b5 18. Ne3 Qa5 19. Nxd5 Bxd5 20. Nd4 Bxg2 21. Kxg2 a6 22. Rc2 Qb6 {1-0 (57) Iljushin,A (2515)-Kharlov,A (2615) Samara 2000}) 16. Qb1 Qe8 17. h4 b5 18. b4 Na4 19. c5 Nxb2 20. Qxb2 Na6 21. a3 Nb8 22. Nd4 a6 23. f4 Nc6 24. N2f3 Qd7 25. Bh3 Rce8 26. f5 exf5 27. Nxf5 Qc7 28. Rxd5 Nxb4 29. Rd7 Bxc5+ 30. Kh2 Qc6 31. axb4 Qxf3 32. bxc5 Rxe5 33. Nd4 Qe4 34. Bg2 Qxg2+ 35. Qxg2 Bxg2 36. Kxg2 b4 37. c6 Ree8 38. c7 a5 39. Nc6 Kh7 40. Rd8 b3 41. c8=Q b2 42. Rb1 Re2+ 43. Kh3 Rxd8 44. Qxd8 a4 45. Qd3+ 1-0